[Event "*** Titled Tuesday 3|2 Blitz (Early)"]
[Site "Chess.com"]
[Date "2016.12.06"]
[Round "3"]
[White "norwaytoadog"]
[Black "Enzy63"]
[Result "0-1"]
[WhiteElo "1929"]
[BlackElo "2017"]
[TimeControl "180+2"]
[EndTime "11:36:12 PST"]
[Termination "Enzy63 won on time"]

1. e4 c5 2. Nf3 d6 3. Bb5+ Nd7 4. O-O a6 5. Bxd7+ Bxd7 6. d3 e5 7. a4 h6 8. Nc3 Nf6 9. a5 Be7 10. Bd2 O-O 11. Ne2 Re8 12. Qb1 Rc8 13. b4 c4 14. Ng3 Bf8 15. Re1 g6 16. Be3 Bg7 17. Bb6 Qe7 18. d4 Bg4 19. dxe5 dxe5 20. Nd2 Nd7 21.
Be3 Be6 22. c3 Rf8 23. Qc1 f5 24. exf5 gxf5 25. f4 Qh4 26. Nf3 Qg4 27. Bf2 Bd5 28.
h3 Qxf4 29. Nh5 Qxc1 30. Raxc1 Bh8 31. Nh4 Bf7 32. Nxf5 Bxh5 33. g4 Rxf5 34. gxf5 Bf3 35. Bh4 Kf7 36. Kf2 Bc6 37. Rcd1 Bf6 38. Bg3 h5 39. Rd6 h4 40. Rxf6+ Nxf6 41. Bxe5 Rg8 42. Rd1 Rg2+ 43. Ke3 Nd7 44. Bd6 Rc2 45. Kd4 Rf2 46.
Re1 Rxf5 47. Re7+ Kf6 48. Rh7 Rd5+ 49. Ke3 Rxd6 50. Rh6+ Ke5 51. Rh5+ Ke6 52. Rh6+ Nf6 53. Rxh4 Rd3+ 54. Ke2 Rxc3 55. Rh6 Rc2+ 56. Ke3 Rh2 57. Kd4 Rc2 58. h4 c3 59. h5 Rc1 60. Rg6 c2 61. h6 Rd1+ 62. Ke3 c1=Q+ 0-1

[Event "*** Titled Tuesday 3|2 Blitz (Early)"]
[Site "Chess.com"]
[Date "2016.12.06"]
[Round "3"]
[White "Sethu0025"]
[Black "Iball95"]
[Result "0-1"]
[WhiteElo "2606"]
[BlackElo "2492"]
[TimeControl "180+2"]
[EndTime "11:36:21 PST"]
[Termination "Iball95 won by resignation"]

1. e4 c5 2. Nf3 Nc6 3. d4 cxd4 4.
Nxd4 g6 5. c4 Nf6 6. Nc3 d6 7. Be2 Nxd4 8. Qxd4 Bg7 9. O-O O-O 10.
Bg5 Be6 11. Qd2 Qa5 12. Rac1 Rfc8 13. b3 a6 14. Bd3 b5 15. Nd5 Qxd2 16. Bxd2 Bxd5 17.
cxd5 Nd7 18. Rfd1 Bb2 19. Rb1 Bd4 20. Ba5 Bb6 21. Be1 Nc5 22. Bc2 Nd7 23. Rbc1 Rc7 24. Bb1 Rac8 25. Rxc7 Rxc7 26. Kf1 f6 27. Ke2 Kf7 28.
Bd2 g5 29. h3 h5 30. g3 Rc8 31. f3 Ba7 32. Rc1 Rxc1 33. Bxc1 Bd4 34. f4 gxf4 35. gxf4 f5 36. e5 dxe5 37. Bxf5 Nf6 38.
Be6+ Kg7 39. Kd3 Ba1 40. Be3 e4+ 41. Ke2 Ne8 42. Bb6 Nd6 43. Ke3 Kf6 44. Bd7 Bc3 45. Bc6 Bb2 46. Ke2 Bc1 47. Be3 Bxe3 48. Kxe3 h4 49. Bd7 Kg6 50. Kd4 Kf6 51. Bg4 Kg6 52.
Ke5 Kf7 53. Be2 a5 54. Bh5+ Kf8 55. Bg6 e3 56. Bd3 a4 57. Be2 axb3 58. axb3 Kf7 59.
Bh5+ Kg7 60. Be2 Kg6 61. Bd3+ Kf7 62. Be2 Kg6 63. Bg4 Kf7 64. Bh5+ Kf8 65. Ke6 Ne4 66. f5 Ng3 67. f6 Nxh5 68. fxe7+ Ke8 69. d6 Ng7+ 70. Kf6 e2 71. Kxg7 e1=Q 0-1

[Event "*** Titled Tuesday 3|2 Blitz (Early)"]
[Site "Chess.com"]
[Date "2016.12.06"]
[Round "3"]
[White "Wolverine_master"]
[Black "renanreis"]
[Result "0-1"]
[WhiteElo "2018"]
[BlackElo "1989"]
[TimeControl "180+2"]
[EndTime "11:36:21 PST"]
[Termination "renanreis won by resignation"]

1. e4 e6 2. d4 d5 3. Nd2 c5 4. c3 Nf6 5. Bd3 cxd4 6. cxd4 dxe4 7.
Nxe4 Bb4+ 8. Bd2 Bxd2+ 9. Qxd2 O-O 10. Nf3 Nc6 11. O-O b6 12. Nxf6+ Qxf6 13. Be4 Bb7 14.
Ne5 Nxe5 15. Bxb7 Rad8 16. dxe5 Qe7 17. Qe2 Qxb7 18. Rfd1 Rd5 19. Rxd5 Qxd5 20. b3 Rd8 21. Re1 Qd2 22. h3 Kf8 23. Kf1 Qf4 24. g3 Qf5 25. Kg2 g6 26. Rc1 Rd5 27. Re1 h5 28.
Qe4 Qxe4+ 29. Rxe4 Rd2 30. Ra4 a5 31. Kf3 Ke7 32.
b4 Rd4 33. a3 Kd7 34. Ke3 Rd5 35. f4 Kc6 36. bxa5 bxa5 37. g4 hxg4 38. hxg4 Kb5 39.
Re4 Rc5 40. Kd3 Rc1 41. f5 Ra1 42. a4+ Rxa4 43. Rxa4 Kxa4 44. fxe6 fxe6 45. Kc4 Ka3 46. g5 Kb2 47. Kb5 Kc3 48. Kxa5 Kd4 49. Kb6 Kxe5 50. Kc6 Kf5 51. Kd6 e5 52. Kd5 Kf4 53. Ke6 e4 54. Kf6 e3 55. Kxg6 e2 56. Kh6 e1=Q 57.
g6 Qh4+ 58. Kg7 Kf5 59. Kf7 Qf6+ 60. Kg8 Qxg6+ 61. Kh8 Qh6+ 62. Kg8 Qf6 63. Kh7 Kg5 64.
Kg8 Qe7 0-1

[Event "*** Titled Tuesday 3|2 Blitz (Early)"]
[Site "Chess.com"]
[Date "2016.12.06"]
[Round "3"]
[White "Matibar"]
[Black "MyleneFarmer"]
[Result "1/2-1/2"]
[WhiteElo "2558"]
[BlackElo "2384"]
[TimeControl "180+2"]
[EndTime "11:36:30 PST"]
[Termination "Game drawn - insufficient material"]

1. d4 Nf6 2. Nf3 e6 3. c4 c5 4.
d5 exd5 5. cxd5 d6 6. Nc3 g6 7. Bf4 Bg7 8. e3 O-O 9. Be2 Qe7 10. O-O a6 11. a4 Nbd7 12. h3 Ne8 13. Nd2 Rb8 14.
Nc4 Ne5 15. Nb6 g5 16. Bh2 f5 17. f4 Nd7 18. Nxc8 Qxe3+ 19. Kh1 Rxc8 20. fxg5 Be5 21.
Qc1 Qxc1 22. Raxc1 Bxh2 23. Kxh2 Ne5 24. h4 Nc7 25.
Rf2 b5 26. axb5 axb5 27. Kg3 b4 28. Nb5 f4+ 29. Rxf4 Rxf4 30. Kxf4 Nxb5 31. Bxb5 Rf8+ 32.
Kg3 Rb8 33. Bc4 Ra8 34. Bb3 Rf8 35. Re1 Kg7 36. h5 h6 37. g6 Rf5 38. Rh1 Rg5+ 39. Kf2 Nd3+ 40. Kf3 Nxb2 41. g4 c4 42. Rb1 Nd3 43.
Bxc4 Ne5+ 44. Kf4 Rxg4+ 45. Kf5 Rxc4 46. Ke6 Nxg6 47. hxg6 Kxg6 48. Kxd6 h5 49. Ke5 h4 50. d6 Rc2 51. Rxb4 Re2+ 52. Kd5 Rd2+ 53. Ke6 Kh5 54. Rb8 Kg4 55. Rg8+ Kf3 56. d7 h3 57. Rf8+ Kg2 58. Rg8+ Kf3 59. d8=Q Rxd8 60. Rxd8 h2 61. Rd3+ Kg2 62.
Rd2+ Kg1 63. Rd1+ Kg2 64. Ke5 h1=Q 65. Rxh1 Kxh1 1/2-1/2

[Event "*** Titled Tuesday 3|2 Blitz (Early)"]
[Site "Chess.com"]
[Date "2016.12.06"]
[Round "3"]
[White "Noukii"]
[Black "Peroncio"]
[Result "1-0"]
[WhiteElo "2672"]
[BlackElo "2526"]
[TimeControl "180+2"]
[EndTime "11:36:56 PST"]
[Termination "Noukii won by resignation"]

1. d4 Nf6 2. c4 c5 3. d5 b5 4.
Nf3 g6 5. cxb5 a6 6. Nc3 axb5 7. d6 Qa5 8. Nd2 b4 9. Nce4 Nxe4 10. Nxe4 Bb7 11. dxe7 Bxe7 12. Nd6+ Bxd6 13. Qxd6 Rg8 14. Qe5+ Kd8 15. b3 Nc6 16. Qf6+ Kc8 17. e3 Ba6 18.
Qxf7 Rd8 19. Bb2 Bxf1 20. Rxf1 Qb5 21. Qxh7 Qd3 22. Qg7 c4 23. Rd1 Qc2 24. Rd2 Qe4 25.
f3 Qxe3+ 26. Re2 Qc5 27. bxc4 Rxa2 28. Rff2 Qxc4 29. g4 b3 30. Kf1 Nb4 31. Kg2 Nd3 32. Re4 Qc6 33. Rd2 d5 34. Ree2 Nf4+ 35. Kf2 Nxe2 36.
Rxe2 d4 37. Kg2 d3 38. Rd2 Rd7 39. Qh8+ Kb7 40. Qe5 Rd5 41. Qe7+ Kb6 42. Qe3+ Qc5 43. Qe6+ Kb5 44. Qxg6 Rxb2 45. Rxb2 Qc2+ 46. Rxc2 bxc2 47. Qe4 Kc5 48. Qe3+ Kc4 49. Qd2 Rb5 50. Qf4+ Kc3 51. Kf2 Rb1 52. Qe5+ Kc4 53. Qe4+ Kc3 54. Qc6+ Kd2 55.
Qh6+ Kd1 56. Qe3 c1=Q 57. Qxd3+ Qd2+ 58. Qxd2+ Kxd2 59. g5 Kd3 60. Kg3 Kd4 61. Kf4 Kd5 62. Kf5 Kd6 63. f4 Ke7 64. Kg6 Rb6+ 65. Kg7 Ke6 66. h4 Kf5 67. h5 Rb7+ 68. Kh6 Rc7 69. g6 Kf6 70. f5 Rc1 71. Kh7 Rg1 72. h6 Rg2 73. g7 Kf7 74. Kh8 Rg1 75. f6 Rg6 76. h7 Kxf6 77. g8=Q 1-0

[Event "*** Titled Tuesday 3|2 Blitz (Early)"]
[Site "Chess.com"]
[Date "2016.12.06"]
[Round "3"]
[White "JohanSalomon"]
[Black "BillieKimbah"]
[Result "1/2-1/2"]
[WhiteElo "2393"]
[BlackElo "2581"]
[TimeControl "180+2"]
[EndTime "11:38:21 PST"]
[Termination "Game drawn - insufficient material"]

1. Nf3 Nf6 2. g3 b6 3. Bg2 Bb7 4. b3 e6 5. Bb2 Be7 6. O-O O-O 7. c4 c5 8. Nc3 d6 9. e3 Nbd7 10. d4 cxd4 11. exd4 Rc8 12. d5 e5 13. a4 a5 14.
Nb5 Ra8 15. Re1 Re8 16. Nd2 Nc5 17. Qe2 Bf8 18. Ba3 Nfd7 19. Rab1 Bc8 20. Bh3 Nf6 21. Bxc8 Qxc8 22. Kg2 h5 23. h3 g6 24. Bxc5 bxc5 25. Ne4 Nxe4 26. Qxe4 f5 27. Qe2 Qd7 28. g4 fxg4 29. hxg4 Re7 30. Rh1 Rg7 31. Nc3 Be7 32. Ne4 Rf8 33. Rbg1 hxg4 34. Ng3 Rf4 35. Rh2 e4 36.
Nxe4 Qf5 37. Ng3 Qf6 38. Kh1 Rf3 39. Re1 Rxb3 40. Qxg4 Qf3+ 41. Qxf3 Rxf3 42. Kg2 Ra3 43. Reh1 Rxa4 44. Rh8+ Kf7 45. Re1 Rxc4 46. Re3 Rf4 47. Ra8 a4 48. Ra7 Kf8 49. Ra8+ Kf7 50. Ra7 Kf6 51.
Re6+ Kg5 52. Rexe7 Rxe7 53. Rxe7 Rd4 54. Ne4+ Kf4 55.
Nc3 Rc4 56. Ne2+ Kg5 57. Ra7 Kf5 58. Re7 a3 59. Ng3+ Kf6 60. Ra7 Ke5 61. Rxa3 Kxd5 62.
Rf3 Rg4 63. Rf6 c4 64. Kf3 Rd4 65. Ne2 Rd3+ 66. Kg2 c3 67. Nf4+ Ke5 68. Nxd3+ Kxf6 69. Kf3 Kf5 70. Ne1 g5 71. Nc2 g4+ 72. Ke3 d5 73.
Nd4+ Ke5 74. Nc2 Kf5 75. Ne1 Ke5 76. Nd3+ Kf5 77. Nc1 Ke5 78. Ne2 c2 79. Kd2 Ke4 80.
Ng1 Kf4 81. Kxc2 g3 82. f3 Ke3 83. Kc3 d4+ 84. Kc2 Kf2 85. Nh3+ Ke3 86. f4 Ke2 87. Ng1+ Kf2 88. f5 Kxg1 89. f6 g2 90. f7 Kh2 91.
f8=Q g1=Q 92. Qh8+ Kg2 93. Qg7+ Kf1 94. Qxg1+ Kxg1 95. Kd2 d3 96. Kxd3 1/2-1/2

[Event "*** Titled Tuesday 3|2 Blitz (Early)"]
[Site "Chess.com"]
[Date "2016.12.06"]
[Round "3"]
[White "dretch"]
[Black "maciek_92"]
[Result "0-1"]
[WhiteElo "2608"]
[BlackElo "2521"]
[TimeControl "180+2"]
[EndTime "11:40:21 PST"]
[Termination "maciek_92 won on time"]

1. d4 Nf6 2. c4 e6 3. Nc3 Bb4 4. Qc2 O-O 5. a3 Bxc3+ 6. Qxc3 b6 7. Bg5 Bb7 8. e3 d5 9. Nf3 Nbd7 10. cxd5 Bxd5 11. Be2 h6 12. Bh4 Qb8 13. O-O Qb7 14.
Rfc1 Rac8 15. Qd3 c5 16. Qa6 Qb8 17. b4 cxd4 18. Nxd4 Bb7 19. Qa4 Rxc1+ 20. Rxc1 Rc8 21. Rc2 Be4 22. Rxc8+ Qxc8 23. f3 Qc1+ 24. Qd1 Qxe3+ 25. Bf2 Qxa3 26. fxe4 Nxe4 27. Be1 Qe3+ 28. Kf1 Ne5 29. Nc2 Qf4+ 30. Kg1 f5 31. Qd4 Qc1 32. Qxe5 Qxc2 33. Qxe6+ Kh8 34. Bf1 Qc1 35. Bf2 Qf4 36. Bd4 Nd2 37.
Qe2 Qxd4+ 38. Kh1 Nxf1 39. Qxf1 Qxb4 40. h3 Qe4 41. Qa6 Qe1+ 42. Kh2 Qe5+ 43. Kh1 Qc7 44. Qb5 Qc1+ 45. Kh2 Qf4+ 46. Kh1 Qe4 47. Qa6 Qe7 48. Qb5 f4 49. Qf5 Qf6 50. Qc8+ Kh7 51. Qc2+ Qg6 52.
Qc7 Qf5 53. Qxa7 f3 54. gxf3 Qxh3+ 55. Kg1 Qg3+ 56. Kh1 Qxf3+ 57. Kg1 Qg3+ 58. Kh1 Qh4+ 59. Kg1 Qg5+ 60. Kh1 b5 61. Qb7 Qf5 62. Kh2 Qf4+ 63. Kh3 b4 64. Qd5 Qe3+ 65. Kh2 Qe2+ 66. Kh3 Qf1+ 67.
Kg3 Qe1+ 68. Kh3 Qe3+ 69. Kh2 Qf4+ 70. Kh3 Kg6 71. Qe6+ Qf6 72. Qe8+ Kg5 73. Qe3+ Qf4 74. Qg1+ Kf6 75. Qb6+ Kf7 76. Qb7+ Kg6 77. Qc6+ Kf7 78. Qb7+ Kg8 79. Qc8+ Kh7 80. Qc2+ g6 81. Qa4 Qf5+ 82. Kh2 Qf2+ 83. Kh1 Qe1+ 84. Kh2 Qd2+ 85. Kh1 Qd5+ 86. Kh2 Qd6+ 87. Kh1 Qd5+ 88. Kh2 Qe5+ 89. Kh1 Qe4+ 90.
Kh2 h5 91. Qd7+ Kh6 92. Qd2+ Kg7 93. Qd7+ Kf6 94. Qd8+ Kf5 95. Qd7+ Kf4 96. Qd2+ Kf5 97. Qd7+ Kg5 98. Qd8+ Kg4 99. Qd7+ Qf5 100. Qd1+ Qf3 101. Qd7+ Qf5 102. Qd1+ Kg5 103. Qd8+ Qf6 104. Qa5+ Kg4 105. Qa4 Qb2+ 106. Kh1 Kg3 0-1

[Event "*** Titled Tuesday 3|2 Blitz (Early)"]
[Site "Chess.com"]
[Date "2016.12.06"]
[Round "4"]
[White "joppie2"]
[Black "Peroncio"]
[Result "1-0"]
[WhiteElo "2550"]
[BlackElo "2518"]
[TimeControl "180+2"]
[EndTime "11:43:18 PST"]
[Termination "joppie2 won by checkmate"]

1. e4 d5 2. exd5 Qxd5 3. Nc3 Qa5 4. d4 Nf6 5. Nf3 Bg4 6. Bd2 c6 7. h3 Bh5 8. Bc4 e6 9. Nd5 Qd8 10. Nxf6+ Qxf6 11. g4 Nd7 12. gxh5 Nb6 13. Bd3 h6 14.
Qe2 O-O-O 15. O-O-O Nd5 16. Kb1 Nf4 17. Bxf4 Qxf4 18.
Rhg1 Rg8 19. Bh7 Rh8 20. Be4 Kb8 21. Ne5 Ka8 22. Nxc6 bxc6 23. Bxc6+ Kb8 24. Qb5+ Kc7 25. Qb7+ Kd6 26. c4 Qxf2 27. c5# 1-0

[Event "*** Titled Tuesday 3|2 Blitz (Early)"]
[Site "Chess.com"]
[Date "2016.12.06"]
[Round "4"]
[White "RodinMihail"]
[Black "JohanSalomon"]
[Result "1-0"]
[WhiteElo "2427"]
[BlackElo "2386"]
[TimeControl "180+2"]
[EndTime "11:44:13 PST"]
[Termination "RodinMihail won by resignation"]

1. e4 c5 2. Nf3 d6 3. d4 cxd4 4.
Nxd4 Nf6 5. Nc3 a6 6. Qf3 Nbd7 7.
h3 e6 8. g4 h6 9. Be2 Qc7 10.
h4 b5 11. a3 Bb7 12. g5 hxg5 13. hxg5 Rxh1+ 14. Qxh1 Nxe4 15. Nxe4 Nc5 16. Bf3 Nxe4 17. Bxe4 d5 18. Bg2 e5 19. Bxd5 Bxd5 20. Qxd5 Rc8 21. Nf3 1-0

[Event "*** Titled Tuesday 3|2 Blitz (Early)"]
[Site "Chess.com"]
[Date "2016.12.06"]
[Round "4"]
[White "Tesla37"]
[Black "jncool68"]
[Result "1-0"]
[WhiteElo "2613"]
[BlackElo "2480"]
[TimeControl "180+2"]
[EndTime "11:44:38 PST"]
[Termination "Tesla37 won by resignation"]

1. e4 c5 2. Nf3 d6 3. Nc3 e6 4. d4 cxd4 5. Nxd4 Nf6 6. g4 h6 7. h3 a6 8. Bg2 Nc6 9. Be3 Be7 10.
f4 Nd7 11. O-O O-O 12. a4 Nxd4 13. Qxd4 Qc7 14. a5 Bf6 15. Qd2 Bxc3 16. bxc3 Nb8 17. f5 Nd7 18. Rfd1 Ne5 19. Bb6 Qc6 20. Qxd6 Qxd6 21.
Rxd6 Nc4 22. Rd4 Nxb6 23. axb6 e5 24. Rd6 Re8 25. c4 Kf8 26. c5 Ke7 27. Rad1 a5 28. Bf1 a4 29. Bb5 a3 30. Bxe8 1-0

[Event "*** Titled Tuesday 3|2 Blitz (Early)"]
[Site "Chess.com"]
[Date "2016.12.06"]
[Round "4"]
[White "Firebullet"]
[Black "Matibar"]
[Result "0-1"]
[WhiteElo "2322"]
[BlackElo "2565"]
[TimeControl "180+2"]
[EndTime "11:45:30 PST"]
[Termination "Matibar won by resignation"]

1. d4 Nf6 2. c4 b6 3. Nc3 Bb7 4.
Nf3 e6 5. g3 Ne4 6. Nxe4 Bxe4 7. Bg2 Bb4+ 8. Bd2 Bxd2+ 9. Qxd2 O-O 10. O-O d6 11. Rac1 Nd7 12. Ne1 Bxg2 13. Nxg2 a5 14. e4 e5 15. d5 Nc5 16. Qc2 Qf6 17. f3 a4 18. Ne3 Rfb8 19. f4 exf4 20. Rxf4 Qd4 21. Qe2 Nd3 22. Qd2 Nxf4 0-1

[Event "*** Titled Tuesday 3|2 Blitz (Early)"]
[Site "Chess.com"]
[Date "2016.12.06"]
[Round "4"]
[White "pastouche06"]
[Black "jcibarra"]
[Result "0-1"]
[WhiteElo "2304"]
[BlackElo "2622"]
[TimeControl "180+2"]
[EndTime "11:45:33 PST"]
[Termination "jcibarra won by resignation"]

1. d4 Nf6 2. c4 d6 3. Nc3 e5 4. d5 Nbd7 5. e4 Nc5 6. f3 a5 7.
Be3 Nfd7 8. Qd2 Be7 9. Nh3 h6 10. Be2 c6 11. O-O a4 12. g3 Qa5 13. Rab1 Qb4 14. a3 Qa5 15. Nf2 Nb3 16. Qc2 Bd8 17. dxc6 bxc6 18. Rbd1 Bb6 19. Bxb6 Qxb6 20. Rxd6 Nd4 21. Qd2 Qc5 22. Rxd7 Bxd7 23. Kg2 O-O 24. Nd3 Qe7 25. f4 exf4 26. gxf4 Rfd8 27. Kh1 Be6 28. f5 Bxc4 29. f6 Qe6 30. fxg7 Nxe2 31. Nxe2 Qxe4+ 0-1

[Event "*** Titled Tuesday 3|2 Blitz (Early)"]
[Site "Chess.com"]
[Date "2016.12.06"]
[Round "4"]
[White "Keranke"]
[Black "Noukii"]
[Result "1-0"]
[WhiteElo "2621"]
[BlackElo "2663"]
[TimeControl "180+2"]
[EndTime "11:45:43 PST"]
[Termination "Keranke won by resignation"]

1. d4 d5 2. c4 c6 3. Nf3 Nf6 4.
e3 Bf5 5. Nc3 e6 6. Nh4 Be4 7. f3 Bg6 8. Bd2 Be7 9. g3 O-O 10.
Qb3 Qc7 11. Nxg6 hxg6 12. e4 dxe4 13. fxe4 e5 14. dxe5 Ng4 15. e6 fxe6 16. Bh3 Nf2 17. Bxe6+ Kh7 18. O-O Bc5 19. Na4 Nxe4+ 20. Be3 Na6 21.
Nxc5 Naxc5 22. Bxc5 Nxc5 23. Qe3 Qe7 24. Bg8+ 1-0

[Event "*** Titled Tuesday 3|2 Blitz (Early)"]
[Site "Chess.com"]
[Date "2016.12.06"]
[Round "4"]
[White "PowerThinking2650"]
[Black "plouarzel"]
[Result "1-0"]
[WhiteElo "2144"]
[BlackElo "2242"]
[TimeControl "180+2"]
[EndTime "11:46:19 PST"]
[Termination "PowerThinking2650 won by checkmate"]

1. e4 d6 2. d4 Nf6 3. Nc3 e5 4. Nf3 Nbd7 5. Bc4 exd4 6. Nxd4 Nb6 7. Bd3 Be7 8. O-O O-O 9. a4 a5 10. Bf4 c6 11. Re1 d5 12. e5 Ne8 13. Qh5 g6 14.
Qh6 Ng7 15. Rad1 f6 16. e6 Re8 17. Bxg6 hxg6 18. Qxg6 Bf8 19. Qf7+ Kh8 20. Rd3 Bxe6 21. Nxe6 Rxe6 22. Rh3+ Nh5 23. Rxh5+ Bh6 24. Rxh6# 1-0

[Event "*** Titled Tuesday 3|2 Blitz (Early)"]
[Site "Chess.com"]
[Date "2016.12.06"]
[Round "4"]
[White "Quiet_Desperation"]
[Black "BillieKimbah"]
[Result "0-1"]
[WhiteElo "2311"]
[BlackElo "2586"]
[TimeControl "180+2"]
[EndTime "11:46:19 PST"]
[Termination "BillieKimbah won by resignation"]

1. e4 c5 2. Nf3 Nc6 3. d4 cxd4 4. Nxd4 e6 5. Nc3 Qc7 6. Nxc6 bxc6 7. Bd3 d5 8. O-O Nf6 9. Re1 Be7 10. Bd2 a5 11. e5 Nd7 12. Qe2 a4 13. Kh1 Nc5 14. Qg4 Kf8 15. Bf1 h5 16. Qf3 h4 17. Rad1 h3 18. g3 Bb7 19. Be3 Nd7 20. Kg1 Nxe5 21. Qe2 Ba6 22. Rd3 Nxd3 23. cxd3 c5 24. Bf4 Bd6 25.
Bxd6+ Qxd6 26. Qg4 Bb7 27. d4 cxd4 28. Nb5 Qb4 29.
Rc1 Rc8 30. Rxc8+ Bxc8 31. Nxd4 Qxb2 32. Qf4 Kg8 33. Qc7 Qxd4 34. Qxc8+ Kh7 35. Qd7 Kg6 0-1

[Event "*** Titled Tuesday 3|2 Blitz (Early)"]
[Site "Chess.com"]
[Date "2016.12.06"]
[Round "4"]
[White "maciek_92"]
[Black "E-Shaposhnikov"]
[Result "0-1"]
[WhiteElo "2517"]
[BlackElo "2725"]
[TimeControl "180+2"]
[EndTime "11:46:26 PST"]
[Termination "E-Shaposhnikov won by resignation"]

1. c4 c5 2. Nf3 Nc6 3. Nc3 Nd4 4.
e3 Nxf3+ 5. gxf3 g6 6. f4 Bg7 7. Bg2 e6 8. Rb1 Ne7 9. a3 d5 10. cxd5 exd5 11. b4 c4 12. d4 cxd3 13. Bb2 Bf5 14.
Rc1 O-O 15. O-O d4 16. Na4 dxe3 17. fxe3 Bxb2 18. Nxb2 Nd5 19. Qd2 Re8 20. Rce1 Rc8 21. Nxd3 Nc3 22. e4 Nxe4 23. Qe3 Rc3 24. Rd1 Nf6 0-1

[Event "*** Titled Tuesday 3|2 Blitz (Early)"]
[Site "Chess.com"]
[Date "2016.12.06"]
[Round "4"]
[White "pedromartinez91"]
[Black "Zaven_ChessMood"]
[Result "0-1"]
[WhiteElo "2339"]
[BlackElo "2829"]
[TimeControl "180+2"]
[EndTime "11:46:46 PST"]
[Termination "Zaven_ChessMood won on time"]

1. e4 c5 2. Nf3 d6 3. Bb5+ Nc6 4.
O-O Bd7 5. Re1 Nf6 6. c3 a6 7.
Bf1 Bg4 8. h3 Bxf3 9. Qxf3 e6 10. Qd1 d5 11. exd5 Nxd5 12. d3 Be7 13. Nd2 O-O 14. Nc4 Bf6 15. Bd2 b5 16. Ne3 Qd7 17. Ng4 Be7 18. Qf3 Bd6 19. Rad1 Rae8 20. g3 f5 21. Ne3 f4 22. gxf4 Nxf4 23. Qe4 Ne5 24. Ng4 Neg6 25. Be3 Qd8 26. d4 c4 27. a4 Qh4 28. axb5 axb5 29. Qc6 Bb8 30. Qxb5 Nxh3+ 31. Bxh3 Qxh3 32. Qg5 Rf5 33. Qh5 Rxh5 0-1

[Event "*** Titled Tuesday 3|2 Blitz (Early)"]
[Site "Chess.com"]
[Date "2016.12.06"]
[Round "4"]
[White "nihalsarin"]
[Black "VladDobrov"]
[Result "1-0"]
[WhiteElo "2499"]
[BlackElo "2594"]
[TimeControl "180+2"]
[EndTime "11:46:56 PST"]
[Termination "nihalsarin won on time"]

1. d4 Nf6 2. c4 e6 3. Nc3 Bb4 4.
Qc2 b6 5. e4 c5 6. d5 Qe7 7. Be2 exd5 8. exd5 Qe4 9. Qd2 Qxg2 10.
Bf3 Qg6 11. Nge2 O-O 12. Rg1 Qf5 13. Qg5 Qxg5 14. Bxg5 Kh8 15. Bxf6 gxf6 16. O-O-O f5 17. Nb5 Ba6 18. Nd6 Ba5 19. Bh5 h6 20. Nf4 b5 21.
Bxf7 Bc7 22. Ng6+ Kg7 23. Nxf8+ Kxf8 24. Rg8+ Ke7 25. Re1+ 1-0

[Event "*** Titled Tuesday 3|2 Blitz (Early)"]
[Site "Chess.com"]
[Date "2016.12.06"]
[Round "4"]
[White "GrigorGrigorov"]
[Black "Salem-AR"]
[Result "0-1"]
[WhiteElo "2455"]
[BlackElo "2684"]
[TimeControl "180+2"]
[EndTime "11:47:22 PST"]
[Termination "Salem-AR won by resignation"]

1. Nf3 c5 2. c4 Nf6 3. e3 e6 4. d4 d5 5. cxd5 exd5 6. Bb5+ Nc6 7. O-O cxd4 8. Nxd4 Bd7 9. Nc3 Bd6 10.
Nf3 Bg4 11. b3 h5 12. Bb2 a6 13. Bxc6+ bxc6 14. Rc1 Rh6 15. Ne2 Ne4 16. Ne5 Qh4 17. f3 f6 18. g3 Qg5 19. h4 Qxe3+ 20. Kg2 Bxe5 21. Bxe5 fxe5 22. fxg4 hxg4 23. Rf5 Rf6 24. Rxf6 gxf6 25. Qe1 Kd7 26. Rc2 Rh8 27. Qf1 Rh5 28.
b4 f5 29. a4 f4 30. gxf4 Rxh4 0-1

[Event "*** Titled Tuesday 3|2 Blitz (Early)"]
[Site "Chess.com"]
[Date "2016.12.06"]
[Round "4"]
[White "FitnessBen"]
[Black "Tash_Boy"]
[Result "0-1"]
[WhiteElo "2313"]
[BlackElo "2473"]
[TimeControl "180+2"]
[EndTime "11:47:23 PST"]
[Termination "Tash_Boy won by resignation"]

1. e4 c5 2. Nf3 d6 3. d4 cxd4 4.
Nxd4 Nf6 5. Nc3 e6 6. Bc4 Be7 7. O-O O-O 8. f4 Nbd7 9. Be3 a6 10. b4 Qc7 11. Qd3 b5 12. Bxe6 fxe6 13. Nxe6 Qc6 14.
Nxf8 Bxf8 15. Nd5 Bb7 16. Rad1 Re8 17. Qb3 Kh8 18. Rf3 Rxe4 19. Nxf6 Nxf6 20. Qf7 Qe8 21. Qxb7 Rxe3 22. h3 d5 23. Rxe3 Qxe3+ 24. Kh1 h6 25. Qf7 Bd6 26. Qg6 Qxf4 27. Kg1 Ne4 28. Qg4 Qh2+ 29. Kf1 Qh1+ 30. Ke2 Qxd1+ 31. Kxd1 Nf2+ 32. Ke2 Nxg4 33. hxg4 Be5 34. Kd3 Kh7 0-1

[Event "*** Titled Tuesday 3|2 Blitz (Early)"]
[Site "Chess.com"]
[Date "2016.12.06"]
[Round "4"]
[White "Saitama_Hero"]
[Black "MFBerna"]
[Result "1-0"]
[WhiteElo "2153"]
[BlackElo "2200"]
[TimeControl "180+2"]
[EndTime "11:47:53 PST"]
[Termination "Saitama_Hero won by resignation"]

1. e4 e5 2. Nf3 Nc6 3. d4 exd4 4.
Nxd4 Bc5 5. Be3 Qf6 6. c3 Nge7 7. Bc4 O-O 8. O-O d6 9. Bb3 Bb6 10. Na3 Qg6 11. Bc2 f5 12. exf5 Nxf5 13. Nc4 Ncxd4 14. cxd4 Nxe3 15. fxe3 Rxf1+ 16. Kxf1 Qf7+ 17. Kg1 Be6 18. Nd2 c5 19. Ne4 cxd4 20. Ng5 Qe7 21. Bxh7+ Kf8 22. Qh5 Bc4 23. Be4 Qf6 24. Nh7+ 1-0

[Event "*** Titled Tuesday 3|2 Blitz (Early)"]
[Site "Chess.com"]
[Date "2016.12.06"]
[Round "4"]
[White "Morpheus4"]
[Black "WanderingPuppet"]
[Result "0-1"]
[WhiteElo "1944"]
[BlackElo "2304"]
[TimeControl "180+2"]
[EndTime "11:48:00 PST"]
[Termination "WanderingPuppet won on time"]

1. e4 c5 2. Nf3 d6 3. d3 Nc6 4.
g3 Nf6 5. Bg2 g6 6. O-O Bg7 7.
Nbd2 O-O 8. Nc4 Rb8 9. a4 e5 10. Bg5 h6 11. Bc1 Be6 12. Ne3 d5 13. exd5 Nxd5 14. Nc4 Re8 15. Re1 Qc7 16. h3 Re7 17. c3 Rbe8 18. Qc2 b6 19. Ncd2 Rd8 20. Nc4 Bf5 21. Nh4 Be6 22. b3 Nxc3 23. Bxh6 Bxh6 24. Qxc3 Bg7 25. Qd2 Nd4 26. Rab1 Nxb3 27. Rxb3 Bxc4 28. Rc3 Bd5 29. Qg5 Bxg2 30. Nxg2 Rdd7 31. Ne3 Re6 32. Ra3 Qd8 33. Qg4 Red6 34. Nc4 Rd4 0-1

[Event "*** Titled Tuesday 3|2 Blitz (Early)"]
[Site "Chess.com"]
[Date "2016.12.06"]
[Round "4"]
[White "ZhuChenChess"]
[Black "Vrolijk"]
[Result "0-1"]
[WhiteElo "2399"]
[BlackElo "2208"]
[TimeControl "180+2"]
[EndTime "11:48:04 PST"]
[Termination "Vrolijk won on time"]

1. d4 Nf6 2. c4 g6 3. Nc3 Bg7 4.
e4 d6 5. Nge2 O-O 6. Ng3 e5 7.
d5 a5 8. Be2 Na6 9. O-O Nc5 10.
Be3 Bd7 11. h3 c6 12. Qd2 cxd5 13. cxd5 h5 14. Bg5 Qe8 15. Rae1 b5 16. Bxf6 Bxf6 17. Bxh5 Qe7 18. Be2 b4 19. Nd1 Bg5 20. Qc2 Rac8 21. Bc4 Bh4 22. b3 Qg5 23. Re3 f5 24. exf5 gxf5 25.
Qe2 f4 26. Ne4 Nxe4 27. Rxe4 f3 0-1

[Event "*** Titled Tuesday 3|2 Blitz (Early)"]
[Site "Chess.com"]
[Date "2016.12.06"]
[Round "4"]
[White "sorito"]
[Black "RitvarsReimanis"]
[Result "1-0"]
[WhiteElo "2350"]
[BlackElo "2397"]
[TimeControl "180+2"]
[EndTime "11:48:06 PST"]
[Termination "sorito won by resignation"]

1. b3 Nf6 2. Bb2 g6 3. Bxf6 exf6 4. c4 Bg7 5. Nc3 f5 6. Rc1 c5 7. g3 O-O 8. Bg2 Nc6 9. Nh3 b6 10.
Nf4 Bb7 11. h4 h5 12. e3 Re8 13. O-O Rb8 14. Nb5 Rf8 15. Nd6 Ba8 16. Bd5 Qf6 17.
Nb5 a6 18. Nc7 Bb7 19. Bg2 Qb2 20. Rc2 Qe5 21. Ncd5 Ba8 22. Re1 Qd6 23. d3 a5 24.
a4 Nb4 25. Nxb4 axb4 26. Bd5 Bc3 27. Rf1 Bc6 28. d4 Qf6 29. dxc5 bxc5 30. Qf3 Be5 31. Rd1 Bxf4 32. Qxf4 Rbd8 33. Rcd2 Rfe8 34. Kg2 Kg7 35. Bxc6 dxc6 36. Rd6 Rxd6 37. Qxd6 Qb2 38. Qd3 Re6 39. Qb1 Qe2 40. Re1 Qd2 41. Qa1+ f6 42. Rd1 Qc2 43.
Rd7+ Kh6 44. Qd1 Qb2 45. Rf7 Qe5 46. Qd7 Qe4+ 47. Kh2 Re7 48. Rxe7 1-0

[Event "*** Titled Tuesday 3|2 Blitz (Early)"]
[Site "Chess.com"]
[Date "2016.12.06"]
[Round "4"]
[White "Evgeny_Levin"]
[Black "VSERGUEI"]
[Result "1-0"]
[WhiteElo "2739"]
[BlackElo "2604"]
[TimeControl "180+2"]
[EndTime "11:48:08 PST"]
[Termination "Evgeny_Levin won on time"]

1. d4 d5 2. c4 c6 3. Nc3 Nf6 4. Nf3 a6 5. a4 e6 6. Bg5 a5 7. e3 Na6 8. Rc1 Be7 9. Bd3 Nb4 10.
Bb1 dxc4 11. O-O b6 12. Ne5 Ba6 13. Qf3 Rc8 14. Ne4 Nd3 15. Bxd3 cxd3 16. Bxf6 gxf6 17. Nxc6 d2 18. Nxd2 Qd7 19. Rfd1 Bb7 20. d5 Qxd5 21.
Qxd5 exd5 22. Nxe7 Kxe7 23. Nf3 Rc5 24. Nd4 Rhc8 25.
Rxc5 bxc5 26. Nb3 c4 27. Nxa5 Ba8 28. b3 c3 29. Kf1 c2 30. Rc1 1-0